 Dungeon Crawl Stone Soup version 0.30-a0-187-gd9c2deaf24 (webtiles) character file.

Game seed: 14209511509897741892

5419 Iusername the Cleaver (level 10, -3/88 HPs)
             Began as a Minotaur Fighter on Oct 3, 2022.
             Was an Initiate of Gozag.
             Killed from afar by a raiju (17 damage)
             ... with a living lightning
             ... on level 1 of the Abyss.
             The game lasted 00:11:40 (8088 turns).

Iusername the Cleaver (Minotaur Fighter)            Turns: 8088, Time: 00:11:42

Health: -3/88      AC: 11    Str: 40    XL:     10   Next: 40%
Magic:  9/9        EV: 11    Int:  5    God:    Gozag
Gold:   939        SH:  5    Dex: 10    Spells: 9/9 levels left

rFire   + . .      SeeInvis +    B - +12 hand axe of Qaebaize {holy, *Slow rF+ Str+6}
rCold   + + .      Faith    .    c - +0 buckler
rNeg    . . .      Spirit   .    b - +0 scale mail
rPois   +          Reflect  .    (helmet restricted)
rElec   .          Harm     .    A - +2 cloak
rCorr   .          Rampage  .    (no gloves)
Will    .....                    (no boots)
Stlth   ..........               (no amulet)
HPRegen 0.00/turn                l - ring "Zecyck" {rPois rC+ Will- Str+3 SInv}
MPRegen 0.11/turn                j - ring of Lenur {Contam rPois rC+ Str+6}

@: sick, flying, studying Fighting
A: horns 2, retaliatory headbutt
a: Renounce Religion, Potion Petition, Call Merchant, Bribe Branch


You were on level 1 of the Abyss.
You worshipped Gozag.
Gozag was pleased with you.
You visited 2 branches of the dungeon, and saw 10 of its levels.
You visited the Abyss 1 time.
You also visited: Sewer and Ossuary.

You collected 1020 gold pieces.
You paid 81 gold pieces to Gozag.

Inventory:

Hand Weapons
 a - a +0 trident
 B - the +12 hand axe of Qaebaize (weapon) {holy, *Slow rF+ Str+6}
   (You found it on level 5 of the Dungeon)

   It has been blessed by the Shining One to cause great damage to the undead
   and demons.
   Str:       It affects your strength (+6).
   rF:        It protects you from fire.
   *Slow:     It may slow you when you take damage.
Missiles
 v - a throwing net (quivered)
Armour
 b - a +0 scale mail (worn)
 c - a +0 buckler (worn)
 A - a +2 cloak (worn)
Jewellery
 j - the ring of Lenur (right hand) {Contam rPois rC+ Str+6}
   (You acquired it on level 8 of the Dungeon)

   [ring of protection from cold]

   Str:       It affects your strength (+6).
   rC:        It protects you from cold.
   rPois:     It protects you from poison.
   Contam:    It causes magical contamination when unequipped.
 l - the ring "Zecyck" (left hand) {rPois rC+ Will- Str+3 SInv}
   (You acquired it on level 8 of the Dungeon)

   [ring of protection from cold]

   Str:       It affects your strength (+3).
   rC:        It protects you from cold.
   rPois:     It protects you from poison.
   SInv:      It lets you see invisible.
   Will:      It decreases your willpower.
 u - a ring of resist corrosion
 E - an amulet of reflection
Wands
 n - a wand of light (13)
 o - a wand of flame (35)
 w - a wand of iceblast (6)
 x - a wand of paralysis (14)
Scrolls
 e - 3 scrolls of immolation
 f - 3 scrolls of silence {unknown}
 g - a scroll of summoning {unknown}
 h - 5 scrolls of fear
 i - 7 scrolls of teleportation
 r - 2 scrolls of fog
 s - 3 scrolls of noise
 y - a scroll of magic mapping
 G - a scroll of blinking
 H - 2 scrolls of vulnerability
 I - 2 scrolls of amnesia
Potions
 d - 2 potions of might
 m - 2 potions of berserk rage {unknown}
 p - 3 potions of flight
 q - a potion of invisibility {unknown}
 t - 2 potions of heal wounds {unknown}
 z - a potion of haste {unknown}
 C - 2 potions of mutation {unknown}
 D - 3 potions of ambrosia {unknown}
 F - 3 potions of curing {unknown}
 J - a potion of attraction {unknown}
 K - a potion of degeneration {unknown}
 L - a potion of lignification {unknown}


   Skills:
 + Level 8.0 Fighting
 + Level 6.4 Short Blades
 + Level 10.1(10.6) Axes
 + Level 4.7(8.0) Polearms
 + Level 9.3 Armour
 + Level 4.3 Dodging
 + Level 1.5 Stealth
 + Level 5.9 Shields


You had 9 spell levels left.
You didn't know any spells.
Your spell library contained the following spells:

 Spells                   Type           Power      Damage    Failure   Level
 Necrotise                Necr           0%         1d4       73%         1
 Frozen Ramparts          Ice            0%         1d1       97%         3
 Ignite Poison            Fire/Tmut/Pois 0%         N/A       97%         3
 Kindle Blastsparks       Fire/Tloc/Air  0%         2d10      97%         3
 Mephitic Cloud           Conj/Pois/Air  0%         N/A       97%         3
 Portal Projectile        Hex/Tloc       0%         N/A       97%         3
 Tukima's Dance           Hex            0%         N/A       97%         3
 Vampiric Draining        Necr           0%         2d6       97%         3
 Ice Form                 Ice/Tmut       0%         N/A       100%        4
 Summon Ice Beast         Ice/Summ       0%         N/A       100%        4
 Agony                    Necr           0%         N/A       100%        5
 Blade Hands              Tmut           0%         N/A       100%        5
 Borgnjor's Vile Clutch   Necr/Erth      0%         N/A       100%        5
 Freezing Cloud           Conj/Ice/Air   0%         6-21      100%        5
 Death Channel            Necr           0%         N/A       100%        6
 Haunt                    Necr/Summ      0%         N/A       100%        7
 Infestation              Necr           0%         N/A       100%        8
 Animate Dead             Necr           Unusable   N/A       N/A         4

Dungeon Overview and Level Annotations

Branches:
Dungeon (9/15)             Temple (1/1) D:6           Sewer (visited)
Ossuary (visited)
   Lair: D:8-11         Orc: D:9-12

Altars:
Ashenzari
Cheibriados
Dithmenos
Elyvilon
Fedhas
Gozag
Hepliaklqana
Kikubaaqudgha
Makhleb
Nemelex Xobeh
Okawaru
Ru
Sif Muna
Trog
Vehumet
Wu Jian
Xom
Yredelemnul
Zin
The Shining One

Shops:
D:1 (   D:7 [   D:8 ?


Innate Abilities, Weirdness & Mutations

You have a pair of horns on your head.
You reflexively headbutt those who attack you in melee.


Message History

You block the harpy zombie's attack.
You slash the harpy zombie!
The harpy zombie convulses.
You destroy the harpy zombie!
Your Fighting skill increases to level 8!
You start resting.
A large abomination comes into view. x2
There are monsters nearby!
There are monsters nearby!
Aiming: Paralyse
Press: ? - help, Shift-Dir - straight line, f - large abomination
Aim: a large abomination (wandering, hasn't noticed you, chance to affect: 1%)
Your target is gone.
The large abomination resists with almost no effort.
It was a potion of flight.
You feel very buoyant.
You fly up into the air.
A titan zombie comes into view.
You see here 5 gold pieces.
You see here 8 gold pieces.
The large abomination is distracted by your dazzling golden aura.
A raiju comes into view.
The raiju barks! 2 raiju come into view.
The raiju barks! x2
A glowing orange brain comes into view.
The raiju bites you.
* * * LOW HITPOINT WARNING * * *
The raiju shocks you!
* * * LOW HITPOINT WARNING * * *
You barely miss the raiju. The raiju bites you but does no damage.
The glowing orange brain pulsates.
Something tries to feed on your intellect!
You slash the raiju!
The raiju is heavily wounded.
You slash the titan zombie!
The titan zombie convulses.
You slash the raiju!
The raiju bursts into living lightning!
The living lightning hits you!
You die...
Your body crumbles into a pile of gold.

.#. ...........
... ..........
#.. ........ ..
#.. #...... . .
.##..##....# ....
...........##....
......hh....... .
#@h....G.. ..
#Z......... ...
#..........
...#..........
#..#..........
###...X..##....
#.#......##....
#........ ....
#.... ........


You could see a glowing orange brain, a large abomination, 3 raiju and a titan
zombie.

Vanquished Creatures
  An ancient zyme (Abyss:1)
  A harpy zombie (Abyss:1)
  A troll (D:9)
  A ynoxinul (Abyss:1)
  6 yaks (D:6)
  2 wyverns
  A steam dragon (D:7)
  2 water moccasins
  2 ice beasts
  2 sky beasts (D:7)
  2 black bears
  2 ogres
  2 phantoms
  A kobold brigand (Sewer)
  2 bullfrogs
  A gnoll sergeant (D:7)
  A water moccasin zombie (Ossuary)
  9 wights
  6 killer bees (D:7)
  5 centaur zombies (Ossuary)
  A jelly (D:6)
  3 bullfrog zombies (Ossuary)
  5 orc priests
  Crazy Yiuf (D:4)
  4 hounds
  An iron imp (Abyss:1)
  Terence (D:3)
  Ijyb (D:4)
  Natasha (thrice) (D:3)
  2 orc wizards
  A scorpion zombie (Ossuary)
  An ogre zombie (Ossuary)
  Robin (D:3)
  9 gnolls
  11 adders
  2 river rats
  A white imp (D:7)
  An ufetubus (D:6)
  4 adder zombies (Ossuary)
  4 worms
  2 dart slugs
  19 orcs
  11 ball pythons
  8 bats
  8 endoplasms
  2 giant cockroaches
  4 gnoll zombies (Ossuary)
  14 goblins
  14 hobgoblins
  15 kobolds
  2 quokkas
  3 frilled lizards
  4 goblin zombies (Ossuary)
  3 hobgoblin zombies (Ossuary)
  4 orc zombies (Ossuary)
  14 rats
234 creatures vanquished.

Vanquished Creatures (others)
  A plant (D:2)
  2 starspawn tentacles (Abyss:1)
3 creatures vanquished.

Grand Total: 237 creatures vanquished

Notes
Turn   | Place    | Note
-------+----------+-------------------------------------------
     0 | D:1      | Iusername the Minotaur Fighter began the quest for the Orb.
     0 | D:1      | Reached XP level 1. HP: 19/19 MP: 0/0
   147 | D:1      | Reached XP level 2. HP: 27/27 MP: 1/1
   256 | D:1      | Found Lejilucu's Weapon Boutique.
   530 | D:2      | Reached XP level 3. HP: 33/33 MP: 2/2
   984 | D:2      | Reached XP level 4. HP: 40/40 MP: 3/3
  1291 | D:3      | Noticed Natasha
  1296 | D:3      | Killed Natasha
  1332 | D:3      | Noticed Natasha
  1337 | D:3      | Killed Natasha
  1368 | D:3      | Noticed Natasha
  1373 | D:3      | Killed Natasha
  1374 | D:3      | Reached XP level 5. HP: 44/46 MP: 4/4
  1385 | D:3      | Reached skill level 5 in Armour
  1408 | D:3      | Identified the +7 rapier of Defence by Offence {flame,
                  | Int+3 Dex+4}
  1623 | D:3      | Found a burning altar of Makhleb.
  1669 | D:3      | Noticed Robin
  1683 | D:3      | Reached skill level 1 in Dodging
  1685 | D:3      | Killed Robin
  1806 | D:3      | Noticed Terence
  1821 | D:3      | Killed Terence
  1822 | D:3      | Reached skill level 1 in Short Blades
  1893 | D:3      | Reached XP level 6. HP: 25/53 MP: 5/5
  2487 | D:4      | Found a runed translucent door.
  2488 | D:4      | Noticed Crazy Yiuf
  2516 | D:4      | Noticed Ijyb
  2526 | D:4      | Killed Ijyb
  2582 | D:4      | You fall into a shaft and drop 1 floor!
  2582 | D:5      | Entered Level 5 of the Dungeon
  2633 | D:5      | Found a radiant altar of Vehumet.
  2655 | D:5      | Reached XP level 7. HP: 16/60 MP: 6/6
  2833 | D:4      | Found a glowing silver altar of Zin.
  2833 | D:4      | Noticed an angel
  3105 | D:4      | Found a glowing drain.
  3113 | Sewer    | Entered a sewer
  3220 | Sewer    | Reached skill level 5 in Fighting
  3623 | D:4      | Killed Crazy Yiuf
  4040 | D:5      | Reached skill level 5 in Shields
  4166 | D:5      | Reached XP level 8. HP: 61/68 MP: 7/7
  4291 | D:5      | Reached skill level 5 in Short Blades
  4304 | D:5      | Identified the +12 hand axe of Qaebaize {holy, *Slow rF+
                  | Str+6}
  4722 | D:6      | Found an ancient bone altar of Kikubaaqudgha.
  4869 | D:6      | Found a staircase to the Ecumenical Temple.
  4891 | D:6      | Reached skill level 1 in Axes
  4891 | D:6      | Reached skill level 1 in Stealth
  4893 | D:6      | Reached skill level 2 in Axes
  4895 | D:6      | Reached skill level 3 in Axes
  4895 | D:6      | Reached XP level 9. HP: 45/75 MP: 8/8
  4904 | Temple   | Entered the Ecumenical Temple
  4941 | Temple   | Became a worshipper of Gozag Ym Sagoz the Greedy
  5192 | D:6      | Reached skill level 4 in Axes
  5361 | D:6      | Found a white marble altar of Elyvilon.
  5559 | D:6      | Reached skill level 5 in Axes
  5933 | D:7      | Reached skill level 6 in Axes
  6007 | D:7      | Reached skill level 7 in Axes
  6038 | D:7      | Found Mufiash's Armour Emporium.
  6081 | D:7      | Found a shimmering blue altar of Sif Muna.
  6085 | D:7      | Found a shadowy altar of Dithmenos.
  6085 | D:7      | Found a sacrificial altar of Ru.
  6159 | D:7      | Found a snail-covered altar of Cheibriados.
  6323 | D:7      | Reached skill level 8 in Axes
  6354 | D:7      | Found a sand-covered staircase.
  6359 | Ossuary  | Entered an ossuary
  6464 | Ossuary  | Reached XP level 10. HP: 86/86 MP: 9/9
  6541 | Ossuary  | Reached skill level 9 in Axes
  7177 | D:8      | Found Osuomir's Magic Scroll Boutique.
  7867 | D:8      | Identified 3 scrolls of acquirement
  7868 | D:8      | Acquired a manual of Fighting
  7870 | D:8      | Acquired the ring "Zecyck" {rPois rC+ Will- Str+3 SInv}
  7873 | D:8      | Acquired the ring of Lenur {Contam rPois rC+ Str+6}
  7996 | Abyss:1  | Cast into level 1 of the Abyss (gnoll sergeant)
  8023 | Abyss:1  | Noticed a tentacled starspawn
  8049 | Abyss:1  | Reached skill level 10 in Axes
  8083 | Abyss:1  | Noticed a glowing orange brain
  8088 | Abyss:1  | Killed from afar by a raiju

Illustrated notes

Levels and vault maps discovered:
D:1:      dpeg_arrival_ternary, layout_rooms, serial_shops, shop_statue,
          minmay_misc_feat_chi, serial_park_tiny_2
D:2:      layout_basic, serial_forest, infiniplex_forest_pool,
          infiniplex_forest_end_3, infiniplex_forest_straight_4,
          infiniplex_forest_straight_2, infiniplex_forest_straight_4,
          infiniplex_forest_clump_large, infiniplex_forest_straight_2,
          minmay_vboxes
D:3:      layout_loops_ring, lemuel_crystal_altar, uniq_terence, uniq_robin,
          uniq_natasha
D:4:      layout_cave_pools, zin_angel, portal_sewer_entry_e, uniq_ijyb,
          uniq_crazy_yiuf_cottage
D:5:      layout_layer_cave, vehumet_altar_wand_db,
          hangedman_abyss_or_decor_lesser_grid
D:6:      layout_rooms, kiku_gazebo_pond_becter,
          nicolae_elyvilon_peaceful_grove,
          minmay_temple_entry_statues_fountains, minmay_misc_feat_tower
D:7:      layout_loops_corners, nicolae_overflow_hidden_temple, serial_shops,
          shop, enter_ossuary_2
D:8:      layout_basic, serial_shops, nicolae_inconvenience_store,
          roderic_serpentine_path
D:9:      layout_cave_pools, serial_shops, nicolae_shop_bloodbath_and_beyond
Temple:   chequers_temple_sunken
Abyss:1:  base:
D:3

Skill      XL: |  1  2  3  4  5  6  7  8  9 10 |
---------------+-------------------------------+-----
Shields        | 4 5 |  5.9
Armour         | 4 5 6 8 9 |  9.3
Fighting       | 4 5 6 7 8 |  8.0
Polearms       | 3 4 |  4.7
Dodging        | 1 2 3 4 |  4.3
Short Blades   | 1 2 4 6 |  6.4
Axes           | 3 8 10 | 10.1
Stealth        | 1 |  1.5

Action                   |  1- 3 |  4- 6 |  7- 9 | 10-12 || total
-------------------------+-------+-------+-------+-------++-------
Melee: Trident           |   116 |    36 |       |       ||   152
       Headbutt          |    11 |    20 |    31 |    10 ||    72
       Rapier            |       |    92 |   102 |       ||   194
       Hand axe          |       |       |   122 |    54 ||   176
Evoke: Wand              |       |       |       |     1 ||     1
  Use: Scroll            |       |       |       |    15 ||    15
       Potion            |       |       |       |     1 ||     1
Armor: Scale mail        |    56 |    52 |    90 |    28 ||   226
Dodge: Dodged            |    63 |    68 |    78 |    26 ||   235
Block: Buckler           |    28 |    29 |    36 |    14 ||   107

Table legend: (Time is in decaauts)
 A = Elapsed time spent in this place.
 B = Non-inter-level travel time spent in this place.
 C = Inter-level travel time spent in this place.
 D = Time resting spent in this place.
 E = Time spent auto-exploring this place.
 F = Levels seen in this place.
 G = Mean time per level.
                   A        B        C        D        E       F      G
               +--------+--------+--------+--------+--------+-----+--------+
         Total |   8289 |   7933 |    356 |      2 |   6466 |  13 |  637.6 |
       Dungeon |   7266 |   6941 |    325 |      0 |   5854 |   9 |  807.3 |
        Temple |    291 |    260 |     31 |      0 |    169 |   1 |  291.0 |
         Abyss |     89 |     89 |      0 |      2 |      0 |   1 |   89.0 |
         Sewer |    424 |    424 |      0 |      0 |    310 |   1 |  424.0 |
       Ossuary |    218 |    218 |      0 |      0 |    132 |   1 |  218.0 |
               +--------+--------+--------+--------+--------+-----+--------+

Top non-repeatable levels by time:
     D:3: 1121 daAuts
     D:5: 1110 daAuts
     D:7: 1001 daAuts
     D:8: 996 daAuts
     D:4: 879 daAuts
     D:6: 825 daAuts
     D:2: 789 daAuts
     D:1: 526 daAuts
   Sewer: 424 daAuts
  Temple: 291 daAuts
 Ossuary: 218 daAuts
 Abyss:1: 89 daAuts
     D:9: 13 daAuts
